[Event "ESP-ch Seniors 2017"]
[Site "Altea"]
[Date "2017.10.07"]
[Round "1"]
[White "Suba, Mihai"]
[Black "Martinez De Soria Gordon, Jose Manuel"]
[Result "1-0"]
[ECO "A04"]
[WhiteElo "2315"]
[BlackElo "1862"]
[Annotator "ChessBase"]
[PlyCount "119"]
[EventDate "2017.??.??"]
[EventType "swiss"]
[EventCountry "ESP"]
[SourceTitle "playchess.com"]
[Source "ChessBase"]
[SourceQuality "1"]
[TimeControl "5400+30"]

1. Nf3 b6 2. e4 Bb7 3. Bc4 e6 4. Qe2 Ne7 5. d4 d5 6. Bd3 dxe4 7. Bxe4 Bxe4 8. Qxe4 Qd5 9. Qe2 Nf5 10. Nc3 Bb4 11. O-O Bxc3 12. bxc3 O-O 13. Rd1 Nd6 14. Ne5 Qe4 15. Be3 f6 16. f3 Qb7 17. Ng4 Nd7 18. Bf2 Rae8 19. a4 a5 20. c4 Qa6 21. Ne3 e5 22. c3 exd4 23. cxd4 f5 24. Qa2 Kh8 25. Rac1 Nf6 26. c5 f4 27. cxd6 fxe3 28. Bg3 cxd6 29. Bxd6 e2 30. Re1 Rg8 31. Be5 Nd7 32. Rxe2 Nxe5 33. dxe5 b5 34. axb5 Qxb5 35. e6 Re7 36. Rce1 h6 37. Re5 Qb6+ 38. Kh1 Rge8 39. f4 g6 40. h4 Rf8 41. g3 Qc6+ 42. Kh2 a4 43. R5e4 Rfe8 44. h5 gxh5 45. f5 Qc3 46. Qxa4 Rg8 47. Qd4+ Qxd4 48. Rxd4 Kg7 49. Rh4 Kf6 50. Rxh5 Rg5 51. Rxg5 Kxg5 52. Rf1 Kf6 53. Kh3 Ra7 54. g4 Ra2 55. Re1 Ra8 56. Kh4 Rg8 57. Re4 h5 58. e7 Re8 59. Re6+ Kf7 60. gxh5 1-0

[Event "ESP-ch Seniors 2017"]
[Site "Altea"]
[Date "2017.10.07"]
[Round "1"]
[White "Garcia Fernandez, Carlos"]
[Black "Bombin Pinera, Dionisio"]
[Result "1-0"]
[ECO "C02"]
[WhiteElo "2264"]
[BlackElo "1910"]
[Annotator "ChessBase"]
[PlyCount "79"]
[EventDate "2017.??.??"]
[EventType "swiss"]
[EventCountry "ESP"]
[SourceTitle "playchess.com"]
[Source "ChessBase"]
[SourceQuality "1"]
[TimeControl "5400+30"]

1. e4 e6 2. d4 d5 3. e5 c5 4. c3 Qb6 5. Nf3 Bd7 6. a3 cxd4 7. cxd4 Bb5 8. Bxb5+ Qxb5 9. Nc3 Qc4 10. Ne2 Nc6 11. O-O Nge7 12. Ng3 Ng6 13. Nh5 Rg8 14. Be3 Be7 15. Rc1 Qb5 16. b4 Kd7 17. a4 Qb6 18. b5 Na5 19. Nd2 Nh4 20. g3 Nf5 21. g4 Nxe3 22. fxe3 Raf8 23. Qc2 f6 24. exf6 gxf6 25. Qxh7 Rxg4+ 26. Kh1 Kd8 27. Rc2 Qd6 28. Nf4 Rfg8 29. Rfc1 R4g7 30. Qh3 Rg4 31. Qh7 R4g7 32. Qh5 Qd7 33. e4 Bd6 34. e5 fxe5 35. dxe5 Bb4 36. Qh4+ Be7 37. Qh6 Bg5 38. Nxe6+ Ke7 39. Nxg5 Rxg5 40. Qf6+ 1-0

[Event "ESP-ch Seniors 2017"]
[Site "Altea"]
[Date "2017.10.07"]
[Round "1"]
[White "Fernandez Hernandez, Gerardo"]
[Black "Pastor Villalba, Arturo"]
[Result "0-1"]
[ECO "C00"]
[WhiteElo "2178"]
[BlackElo "1892"]
[Annotator "ChessBase"]
[PlyCount "73"]
[EventDate "2017.??.??"]
[EventType "swiss"]
[EventCountry "ESP"]
[SourceTitle "playchess.com"]
[Source "ChessBase"]
[SourceQuality "1"]
[TimeControl "5400+30"]

1. e4 e6 2. d3 d5 3. Nd2 c5 4. g3 Bd6 5. Bg2 Ne7 6. Ngf3 Nbc6 7. O-O O-O 8. Nh4 b5 9. f4 f5 10. Ndf3 dxe4 11. dxe4 Bc7 12. Qe2 Rb8 13. c3 Bb6 14. exf5 c4+ 15. Be3 Nd5 16. Bd4 Nxd4 17. Nxd4 Bxd4+ 18. cxd4 Rb6 19. f6 Qxf6 20. Nf3 Rd8 21. Rfd1 c3 22. Ng5 cxb2 23. Qxb2 Ne3 24. Rd2 Nc4 25. Ne4 Qg6 26. Qb4 Nxd2 27. Qxd2 Bb7 28. Ng5 Bxg2 29. Qxg2 h6 30. Nf3 Qe4 31. Re1 Qd3 32. Qf2 Rc8 33. Ne5 Qc2 34. Re2 Qf5 35. Qe3 Rc2 36. Rxc2 Qxc2 37. Qa3 0-1

[Event "ESP-ch Seniors 2017"]
[Site "Altea"]
[Date "2017.10.07"]
[Round "1"]
[White "Brusi Noguera, Ricardo Ll"]
[Black "Juarez Manzano, Juan"]
[Result "1-0"]
[ECO "E46"]
[WhiteElo "2156"]
[BlackElo "1885"]
[Annotator "ChessBase"]
[PlyCount "107"]
[EventDate "2017.??.??"]
[EventType "swiss"]
[EventCountry "ESP"]
[SourceTitle "playchess.com"]
[Source "ChessBase"]
[SourceQuality "1"]
[TimeControl "5400+30"]

1. d4 Nf6 2. c4 e6 3. Nc3 Bb4 4. e3 O-O 5. Nge2 d5 6. cxd5 exd5 7. g3 Re8 8. Bg2 b6 9. Qb3 c5 10. O-O Bxc3 11. Nxc3 c4 12. Qc2 Bb7 13. b3 cxb3 14. Qxb3 Kh8 15. Bd2 Nc6 16. Rfc1 Na5 17. Qd1 Nc4 18. Be1 Rc8 19. a4 Ne4 20. Nxe4 dxe4 21. Rcb1 a6 22. Bf1 Bd5 23. Rb3 Rb8 24. Rab1 Qd7 25. Bxc4 Bxc4 26. Rxb6 Rxb6 27. Rxb6 Rc8 28. Bb4 Qh3 29. Bc5 Be6 30. f3 Qh5 31. g4 Qh3 32. Qf1 Qxf3 33. Qxf3 exf3 34. Rxa6 Bxg4 35. Kf2 Rb8 36. Rb6 Ra8 37. a5 h5 38. a6 Bc8 39. a7 Rxa7 40. Rb8 Rc7 41. Kxf3 Kh7 42. Ke4 Bb7+ 43. Ke5 f6+ 44. Kd6 Rf7 45. Ke6 Kg6 46. d5 f5 47. Rxb7 Rxb7 48. d6 Kg5 49. d7 Rb8 50. Be7+ Kg4 51. d8=Q Rxd8 52. Bxd8 f4 53. exf4 Kxf4 54. h4 {[%emt 0:00:19] Ke5+} 1-0

[Event "ESP-ch Seniors 2017"]
[Site "Altea"]
[Date "2017.10.07"]
[Round "1"]
[White "Simon Padros, Emili"]
[Black "Zotes Flecha, Luis"]
[Result "1-0"]
[ECO "B06"]
[WhiteElo "2153"]
[BlackElo "1814"]
[Annotator "ChessBase"]
[PlyCount "61"]
[EventDate "2017.??.??"]
[EventType "swiss"]
[EventCountry "ESP"]
[SourceTitle "playchess.com"]
[Source "ChessBase"]
[SourceQuality "1"]
[TimeControl "5400+30"]

1. e4 g6 2. d4 Bg7 3. Nc3 a6 4. Nf3 d6 5. h3 b5 6. a4 b4 7. Nd5 a5 8. Bd3 c6 9. Nf4 Ba6 10. O-O Bxd3 11. Nxd3 Nd7 12. Bg5 Qc7 13. Qd2 c5 14. c3 c4 15. Nf4 h6 16. Nd5 Qb7 17. Bh4 e6 18. Ne3 Rc8 19. Rfe1 Ngf6 20. e5 Ne4 21. Qc2 d5 22. Nd2 b3 23. Nxe4 dxe4 24. Qe2 g5 25. Bg3 Qc6 26. h4 Nb6 27. Qg4 Nxa4 28. d5 Qd7 29. dxe6 fxe6 30. Rxa4 Qxa4 31. Qxe6+ 1-0

[Event "ESP-ch Seniors 2017"]
[Site "Altea"]
[Date "2017.10.07"]
[Round "1"]
[White "Fos Santacreu, Juan Andres"]
[Black "Campos Calvo-Sotelo, Juan"]
[Result "1/2-1/2"]
[ECO "A40"]
[WhiteElo "2140"]
[BlackElo "1796"]
[Annotator "ChessBase"]
[PlyCount "91"]
[EventDate "2017.??.??"]
[EventType "swiss"]
[EventCountry "ESP"]
[SourceTitle "playchess.com"]
[Source "ChessBase"]
[SourceQuality "1"]
[TimeControl "5400+30"]

1. d4 b5 2. e4 a6 3. f4 e6 4. Nf3 c5 5. c3 cxd4 6. cxd4 Nf6 7. Bd3 Bb7 8. e5 Nd5 9. Nc3 b4 10. Nxd5 Bxd5 11. O-O Nc6 12. Be3 Be7 13. b3 Qb6 14. Kh1 h6 15. Rc1 O-O 16. Bb1 f5 17. exf6 Bxf6 18. Qd3 Bxf3 19. Rxf3 Ne7 20. d5 Qd6 21. Bc5 Qxd5 22. Qh7+ Kf7 23. Be4 Qd2 24. Be3 Qxc1+ 25. Bxc1 Rh8 26. Bxa8 Rxh7 27. Be3 Rh8 28. Bb7 d5 29. Rf1 d4 30. Bd2 a5 31. Rc1 Rb8 32. Be4 Rc8 33. Rxc8 Nxc8 34. Kg1 Nd6 35. Bd3 g5 36. Kf2 e5 37. fxe5 Bxe5 38. h3 Ke6 39. Kf3 Kd5 40. Bc1 Kc5 41. a4 Kd5 42. Bd2 Bf6 43. Be1 Be5 44. Bf2 Bf4 45. Be1 Ke5 46. Bf2 1/2-1/2

[Event "ESP-ch Seniors 2017"]
[Site "Altea"]
[Date "2017.10.07"]
[Round "1"]
[White "Pastor Alonso De Prado, Alberto"]
[Black "Carrascosa Campos, Juan Luis"]
[Result "1-0"]
[ECO "B22"]
[WhiteElo "2131"]
[BlackElo "1748"]
[Annotator "ChessBase"]
[PlyCount "41"]
[EventDate "2017.??.??"]
[EventType "swiss"]
[EventCountry "ESP"]
[SourceTitle "playchess.com"]
[Source "ChessBase"]
[SourceQuality "1"]
[TimeControl "5400+30"]

1. e4 c5 2. c3 Nf6 3. e5 Nd5 4. d4 cxd4 5. Nf3 e6 6. cxd4 Bb4+ 7. Bd2 Qb6 8. Nc3 Nxc3 9. bxc3 Be7 10. Bd3 d6 11. O-O Nc6 12. exd6 Bxd6 13. Re1 Qc7 14. d5 Ne5 15. Nxe5 Bxe5 16. Qh5 Bf6 17. dxe6 Kf8 18. Bf4 g6 19. Qf3 Qd8 20. Bh6+ Kg8 21. exf7+ 1-0

[Event "ESP-ch Seniors 2017"]
[Site "Altea"]
[Date "2017.10.07"]
[Round "1"]
[White "Folch Zaragoza, Jose"]
[Black "Elissalt Cardenas, Hector"]
[Result "1/2-1/2"]
[ECO "B00"]
[WhiteElo "1911"]
[BlackElo "2324"]
[Annotator "ChessBase"]
[PlyCount "94"]
[EventDate "2017.??.??"]
[EventType "swiss"]
[EventCountry "ESP"]
[SourceTitle "playchess.com"]
[Source "ChessBase"]
[SourceQuality "1"]
[TimeControl "5400+30"]

1. e4 d6 2. Nc3 Nf6 3. f4 e5 4. Nf3 Nbd7 5. Bc4 Be7 6. d3 O-O 7. O-O c6 8. Qe1 b5 9. Bb3 a5 10. a4 Nc5 11. axb5 cxb5 12. Bd5 Ra6 13. Bd2 b4 14. Ne2 Nxd5 15. exd5 Bb7 16. Ng3 exf4 17. Nf5 Bf6 18. Bxf4 Qd7 19. N3h4 Bxd5 20. Qg3 Ne6 21. Be3 Bxb2 22. Rae1 Be5 23. Qg4 Kh8 24. d4 Bf6 25. Ng3 Bd8 26. Rf5 Nc7 27. Ng6+ hxg6 28. Rh5+ gxh5 29. Qxd7 h4 30. Nh5 Be6 31. Qa4 g5 32. d5 Nxd5 33. Qa1+ Nc3 34. Bd4+ Kh7 35. Bxc3 bxc3 36. Qxc3 Rg8 37. Qd3+ Kh6 38. Qxa6 Kxh5 39. Qxd6 Bf6 40. Rxe6 fxe6 41. Qxe6 Rf8 42. Qe2+ Kh6 43. Qa6 Kg7 44. h3 Bd4+ 45. Kh2 Be5+ 46. Kg1 Bd4+ 47. Kh2 Be5+ 1/2-1/2

[Event "ESP-ch Seniors 2017"]
[Site "Altea"]
[Date "2017.10.07"]
[Round "1"]
[White "Pelegri Castello, Elias"]
[Black "Nunez Munoz, Jesus"]
[Result "1-0"]
[ECO "A30"]
[WhiteElo "1903"]
[BlackElo "2199"]
[Annotator "ChessBase"]
[PlyCount "167"]
[EventDate "2017.??.??"]
[EventType "swiss"]
[EventCountry "ESP"]
[SourceTitle "playchess.com"]
[Source "ChessBase"]
[SourceQuality "1"]
[TimeControl "5400+30"]

1. Nf3 Nf6 2. c4 e6 3. g3 b6 4. Bg2 Bb7 5. O-O c5 6. Nc3 Be7 7. d4 cxd4 8. Nxd4 Bxg2 9. Kxg2 Qc8 10. Qd3 O-O 11. Qf3 Na6 12. b3 Rd8 13. Bb2 Nc5 14. Rac1 Qb7 15. Qxb7 Nxb7 16. Rfd1 Rac8 17. e4 d6 18. f3 a6 19. Nc2 Kf8 20. Ne3 Nc5 21. Rd2 h6 22. Rcd1 Rb8 23. Nc2 Rbc8 24. Ne3 Kg8 25. Kf2 Kh7 26. Kg2 g5 27. g4 Kg6 28. Ne2 Nfd7 29. b4 Nb7 30. a3 Bf6 31. Bd4 Bxd4 32. Nxd4 Ne5 33. Rc2 Kf6 34. Kg3 Ke7 35. h4 Kf6 36. h5 Ke7 37. f4 gxf4+ 38. Kxf4 Rg8 39. Nf3 f6 40. Nxe5 fxe5+ 41. Kg3 Nd8 42. Rdc1 Nb7 43. Ng2 Kd7 44. Nh4 Nd8 45. Nf3 Nf7 46. Rd2 Ke7 47. Nh4 Ng5 48. Re2 Rg7 49. Rcc2 Rf7 50. Rc1 Kd7 51. Re3 Rcf8 52. Rd1 Kc6 53. Rdd3 Rf1 54. Ng6 Rg1+ 55. Kh2 Rff1 56. Nh4 Rxg4 57. Nf3 Rf2+ 58. Kh1 Nxe4 59. c5 bxc5 60. bxc5 Nxc5 61. Rc3 Rf1+ 62. Kh2 Rd1 63. Rxe5 Kb6 64. Ree3 Re4 65. Rb3+ Nxb3 66. Rxe4 e5 67. Rb4+ Kc5 68. Rxb3 e4 69. Rc3+ Kd5 70. Ng1 Rd2+ 71. Kg3 Kd4 72. Rb3 Rd3+ 73. Rxd3+ Kxd3 74. Kf2 d5 75. Ke1 d4 76. Ne2 Ke3 77. a4 a5 78. Nc1 Kf3 79. Nb3 d3 80. Nxa5 e3 81. Nb3 Ke4 82. Nc5+ Kd4 83. Nxd3 Kxd3 84. a5 1-0

[Event "ESP-ch Seniors 2017"]
[Site "Altea"]
[Date "2017.10.07"]
[Round "1"]
[White "Gomez Calvo, Jose Ricardo"]
[Black "Aranaz Portugues, Jose Carlos"]
[Result "0-1"]
[ECO "A45"]
[WhiteElo "1888"]
[BlackElo "2159"]
[Annotator "ChessBase"]
[PlyCount "76"]
[EventDate "2017.??.??"]
[EventType "swiss"]
[EventCountry "ESP"]
[SourceTitle "playchess.com"]
[Source "ChessBase"]
[SourceQuality "1"]
[TimeControl "5400+30"]

1. d4 Nf6 2. Bg5 e6 3. e4 h6 4. Bxf6 gxf6 5. Be2 b6 6. Bf3 Bb7 7. Ne2 Nc6 8. Ng3 Ne7 9. Nc3 Ng6 10. Nh5 Rg8 11. Qd3 Nh4 12. O-O-O Nxf3 13. gxf3 Rg5 14. Nf4 a5 15. h4 Rg8 16. Nh5 Qe7 17. Nb5 O-O-O 18. c4 c6 19. Nc3 Ba6 20. d5 Qc5 21. dxc6 Qxc6 22. b3 Ba3+ 23. Kb1 Qc5 24. Na4 Qxh5 25. Nxb6+ Kc7 26. Nxd7 Bc8 27. Qe3 Rxd7 28. Qa7+ Kc6 29. Rxd7 Qe5 30. Rd2 Rd8 31. Qa8+ Kc7 32. Qa7+ Bb7 33. Rhd1 Rxd2 34. Rxd2 Qc3 35. Rd7+ Kxd7 36. Qxb7+ Ke8 37. Qc8+ Ke7 38. Qc7+ Kf8 0-1

[Event "ESP-ch Seniors 2017"]
[Site "Altea"]
[Date "2017.10.07"]
[Round "1"]
[White "Albert Garrote, Amadeo"]
[Black "Cantero Navarro, Antonio"]
[Result "0-1"]
[ECO "D02"]
[WhiteElo "1883"]
[BlackElo "2153"]
[Annotator "ChessBase"]
[PlyCount "50"]
[EventDate "2017.??.??"]
[EventType "swiss"]
[EventCountry "ESP"]
[SourceTitle "playchess.com"]
[Source "ChessBase"]
[SourceQuality "1"]
[TimeControl "5400+30"]

1. d4 d5 2. Bf4 Nf6 3. Nf3 e6 4. Nbd2 c5 5. e3 Nc6 6. c3 Be7 7. Bd3 Nh5 8. Bg3 f5 9. Ne5 g6 10. Ndf3 O-O 11. Nxc6 bxc6 12. Ne5 Qb6 13. Rb1 cxd4 14. exd4 c5 15. dxc5 Bxc5 16. Qd2 a5 17. Qh6 Ra7 18. Be2 Nxg3 19. hxg3 Bxf2+ 20. Kf1 Bxg3 21. Nd3 Ba6 22. Rh3 Bxd3 23. Rxg3 Bxb1 24. Bh5 f4 25. Rg5 Bd3+ 0-1

[Event "ESP-ch Seniors 2017"]
[Site "Altea"]
[Date "2017.10.07"]
[Round "1"]
[White "Lopez Heras, Arturo"]
[Black "Celaya Tapiz, Jose Maria"]
[Result "0-1"]
[ECO "D96"]
[WhiteElo "1856"]
[BlackElo "2196"]
[Annotator "ChessBase"]
[PlyCount "88"]
[EventDate "2017.??.??"]
[EventType "swiss"]
[EventCountry "ESP"]
[SourceTitle "playchess.com"]
[Source "ChessBase"]
[SourceQuality "1"]
[TimeControl "5400+30"]

1. d4 d5 2. c4 Nf6 3. Nc3 c6 4. Nf3 g6 5. Bg5 Bg7 6. Qd2 dxc4 7. a4 h6 8. Bf4 Nd5 9. Be5 O-O 10. e4 Nxc3 11. Qxc3 Bxe5 12. Nxe5 Nd7 13. Nxc4 Nf6 14. Bd3 Be6 15. O-O Bxc4 16. Qxc4 Rc8 17. Rfe1 e6 18. Rad1 Qc7 19. e5 Nd5 20. Qc1 Kg7 21. Bc4 Rcd8 22. Rd3 Qe7 23. Rh3 Qg5 24. Qd1 Rd7 25. Rg3 Qd8 26. Qg4 Ne7 27. Rd1 c5 28. d5 Nxd5 29. Bb5 Rc7 30. Bd3 Qg5 31. Qe4 Qf4 32. Rxg6+ fxg6 33. Qxg6+ Kh8 34. Qxe6 Nb4 35. Bc4 Rg7 36. Rf1 Nc6 37. g3 Nxe5 38. Bd5 Qf6 39. Qh3 Ng4 40. Qg2 b6 41. h3 Nxf2 42. Qxf2 Qxf2+ 43. Rxf2 Rxf2 44. Kxf2 Rd7 0-1

[Event "ESP-ch Seniors 2017"]
[Site "Altea"]
[Date "2017.10.07"]
[Round "1"]
[White "Alamillo Sanz, Ildefonso"]
[Black "Serra Olives, Tomas"]
[Result "0-1"]
[ECO "B22"]
[WhiteElo "1803"]
[BlackElo "2146"]
[Annotator "ChessBase"]
[PlyCount "44"]
[EventDate "2017.??.??"]
[EventType "swiss"]
[EventCountry "ESP"]
[TimeControl "5400+30"]

1. e4 c5 2. c3 e5 3. Bc4 Nf6 4. d3 Nc6 5. f4 d5 6. exd5 Nxd5 7. Qf3 Nf6 8. Bb5 Bd7 9. a4 Bd6 10. Ne2 O-O 11. f5 a6 12. Bxc6 Bxc6 13. Qh3 c4 14. O-O cxd3 15. Ng3 e4 16. Be3 Qe7 17. Kh1 Bc5 18. Bg5 e3 19. Nh5 e2 20. Nd2 exf1=Q+ 21. Rxf1 Qe2 22. Ng3 Qg4 0-1

[Event "ESP-ch Seniors 2017"]
[Site "Altea"]
[Date "2017.10.07"]
[Round "1"]
[White "Polop Navarro, Jose"]
[Black "Dominguez Rueda, Juan"]
[Result "0-1"]
[ECO "E20"]
[WhiteElo "1781"]
[BlackElo "2135"]
[Annotator "ChessBase"]
[PlyCount "32"]
[EventDate "2017.??.??"]
[EventType "swiss"]
[EventCountry "ESP"]
[SourceTitle "playchess.com"]
[Source "ChessBase"]
[SourceQuality "1"]
[TimeControl "5400+30"]

1. d4 Nf6 2. c4 e6 3. Nc3 Bb4 4. Bd2 c5 5. e3 O-O 6. Nf3 d6 7. Bd3 Nc6 8. O-O Re8 9. Bc2 d5 10. b3 dxc4 11. dxc5 cxb3 12. Bxb3 Bxc5 13. Qe2 a6 14. Rad1 Qc7 15. e4 Ng4 16. Na4 Nd4 0-1

[Event "ESP-ch Seniors 2017"]
[Site "Altea"]
[Date "2017.10.07"]
[Round "1"]
[White "Beltran Sanz, Felix"]
[Black "Bautista Sanchez, Joan"]
[Result "0-1"]
[ECO "B17"]
[WhiteElo "1744"]
[BlackElo "2123"]
[Annotator "ChessBase"]
[PlyCount "96"]
[EventDate "2017.??.??"]
[EventType "swiss"]
[EventCountry "ESP"]
[SourceTitle "playchess.com"]
[Source "ChessBase"]
[SourceQuality "1"]
[TimeControl "5400+30"]

1. d4 c6 2. e4 d5 3. Nc3 dxe4 4. Nxe4 Nd7 5. Nf3 Ngf6 6. Ng3 e6 7. Bd3 Bd6 8. O-O Qc7 9. c3 b6 10. Qc2 O-O 11. Re1 Bb7 12. Ne4 Nxe4 13. Bxe4 Nf6 14. Bg5 Nxe4 15. Rxe4 c5 16. Rh4 f5 17. Qe2 Rae8 18. dxc5 bxc5 19. Re1 h6 20. Bxh6 gxh6 21. Rxh6 Qg7 22. Rh5 Bf4 23. g3 Qg4 24. Nh4 Qxe2 25. Rxe2 Bb8 26. Rg5+ Kf7 27. Rd2 Rd8 28. Rxd8 Rxd8 29. Kf1 Rd2 30. Rh5 Rxb2 31. Rh7+ Kg8 32. Re7 Bd5 33. Ng6 Bxa2 34. h4 Bd5 35. h5 Bf3 36. Ke1 Bxh5 37. Nh4 Be5 38. Rxe6 Bxc3+ 39. Kf1 Bd4 40. f3 Bxf3 41. Nxf5 Bg2+ 42. Ke1 Bf2+ 43. Kd1 Bh3 44. Nh6+ Kg7 45. g4 Bd4 46. Ra6 Rb6 47. Nf5+ Kf6 48. Rxa7 Bxg4+ 0-1